[Event "*** SCC Grand Prix: Titled Tuesday Blitz"]
[Site "Chess.com"]
[Date "2020.08.04"]
[Round "7"]
[White "GianmarcoVaR"]
[Black "Zarikovs1999"]
[Result "0-1"]
[WhiteElo "2441"]
[BlackElo "2390"]
[TimeControl "180+1"]
[EndTime "15:02:25 PDT"]
[Termination "Zarikovs1999 won on time"]

1. d4 Nf6 2. c4 e6 3. g3 d5 4. Bg2 Be7 5. Nf3 O-O 6. O-O Nbd7 7. Qc2 c6 8. Nbd2 b6 9. e4 dxe4 10. Nxe4 Nxe4 11. Qxe4 Bb7 12. Bf4 Nf6 13. Qc2 Bd6 14. Bg5 h6 15. Bxf6 Qxf6 16. Rad1 Rfd8 17. Nd2 Qxd4 18.
Ne4 Qe5 19. f4 Bc5+ 20. Kh1 Qf5 21. Rxd8+ Rxd8 22. Rd1 Rxd1+ 23. Qxd1 e5 24. Nxc5 bxc5 25. Qe1 f6 26. h4 Kf7 27. Qa5 exf4 28. Qc7+ Kg6 29. gxf4 Qb1+ 30. Kh2 Qxb2 31. h5+ Kxh5 32. Kg3 Kg6 33. Be4+ f5 34. Qd6+ Kf7 35. Qd7+ Kf8 36. Bxf5 Qc3+ 37. Kh4 Qf6+ 38. Kg4 h5+ 39. Kxh5 Qf7+ 40.
Qxf7+ Kxf7 41. Bd3 Kf6 42. Kg4 Bc8+ 43. Kf3 Bf5 44. Bf1 Bb1 45. a3 a5 46. Ke3 g5 47.
fxg5+ Kxg5 48. Bg2 Ba2 49. Kd3 Kf4 50. Kc3 Ke5 51.
Bxc6 Bb1 52. Kb3 Be4 53. Bxe4 Kxe4 54. Ka4 Kd4 55. Kb5 a4 56. Kxa4 Kxc4 57. Ka5 Kb3 58. a4 c4 59. Kb5 c3 60. a5 c2 61. a6 c1=Q 62. a7 Qc8 63. Kb6 Qa8 64. Ka6 Kb4 65.
Kb6 Kc4 0-1

[Event "*** SCC Grand Prix: Titled Tuesday Blitz"]
[Site "Chess.com"]
[Date "2020.08.04"]
[Round "7"]
[White "ChainsOfFantasia"]
[Black "KyrgyzFighter"]
[Result "1-0"]
[WhiteElo "2508"]
[BlackElo "2317"]
[TimeControl "180+1"]
[EndTime "15:02:26 PDT"]
[Termination "ChainsOfFantasia won by checkmate"]

1. c4 Nf6 2. Nc3 d6 3. e4 e5 4.
Nf3 Nbd7 5. d4 Be7 6. Be2 O-O 7.
O-O c6 8. Be3 Re8 9. Rc1 Qc7 10.
h3 Nf8 11. c5 exd4 12. cxd6 Bxd6 13. Nxd4 Be5 14. f4 Bxd4 15. Qxd4 Ne6 16. Qa4 Bd7 17. Qc2 Qa5 18. e5 Nd5 19. Nxd5 cxd5 20. Qb3 d4 21.
Qxb7 Rad8 22. Bf2 Nxf4 23. Bc4 Qxe5 24. Rce1 Qg5 25. h4 Qg6 26. Bxd4 Rxe1 27. Rxe1 Bc6 28. Bxf7+ Qxf7 29. Qxc6 h6 30. Qe4 Nh5 31. Bc3 Rf8 32. Qe2 Kh8 33. a4 Ng3 34. Qf3 Qxf3 35. gxf3 Rxf3 36.
Kg2 Rd3 37. Re7 Nf5 38. Rxa7 Nxh4+ 39. Kf2 Nf5 40. a5 Rd5 41. a6 Rd8 42. Rb7 Ra8 43. a7 Kh7 44. Be5 Kg6 45. b4 h5 46. b5 h4 47. b6 h3 48. Rb8 Rxa7 49. bxa7 h2 50.
a8=Q h1=Q 51. Qxh1 Kf7 52. Qf3 Ke6 53. Rb7 Kxe5 54. Rb6 Nd4 55. Qe3+ Kd5 56. Rd6+ Kxd6 57. Qxd4+ Ke6 58. Qxg7 Kf5 59. Qg3 Ke4 60. Qf3+ Kd4 61. Kg3 Ke5 62. Kg4 Kd4 63. Qf4+ Kc5 64. Kf5 Kb5 65. Qe4 Kc5 66. Ke5 Kb6 67. Qd4+ Kb5 68. Kd5 Ka5 69. Qb2 Ka6 70. Kc6 Ka7 71. Qb7# 1-0

[Event "*** SCC Grand Prix: Titled Tuesday Blitz"]
[Site "Chess.com"]
[Date "2020.08.04"]
[Round "7"]
[White "DariaVoit"]
[Black "Justinz"]
[Result "1-0"]
[WhiteElo "2537"]
[BlackElo "2356"]
[TimeControl "180+1"]
[EndTime "15:02:28 PDT"]
[Termination "DariaVoit won on time"]

1. d4 Nf6 2. Nf3 e6 3. c4 b6 4. g3 Ba6 5. b3 Bb4+ 6. Bd2 Be7 7.
Bg2 d5 8. O-O O-O 9. Qc2 c6 10.
Rd1 Nbd7 11. Nc3 Rc8 12. e4 dxc4 13. Bf4 b5 14. bxc4 bxc4 15. Nd2 Nb6 16. Bf1 c5 17.
dxc5 Rxc5 18. Be3 Rc6 19. Nxc4 Qc7 20. Bf4 Qc8 21. Nxb6 axb6 22. Bxa6 Qxa6 23. Qd3 Qxd3 24. Rxd3 Rfc8 25. Nb5 Rc2 26. f3 Bc5+ 27. Kh1 h6 28. a4 Nh5 29. Be5 Nf6 30. Rad1 Kh7 31. Bxf6 gxf6 32. Rd7 Kg6 33. R1d2 Rc1+ 34. Kg2 Ra8 35.
Ra2 Rb1 36. Nc3 Rb3 37. Ne2 Rb4 38. Nf4+ Kg5 39. Rxf7 h5 40. Rh7 f5 41. e5 Rxf4 42.
gxf4+ Kxf4 43. Rxh5 Rg8+ 44. Kh3 Kxe5 45. Re2+ Kf4 46.
Rxe6 Rf8 47. Re1 Bf2 48. Rf1 Kxf3 49. Rh6 f4 50. Rd1 Be3 51. Rb1 Ke2 52. Rb2+ Kf3 53. Rh5 Rf7 54. Ra2 Ra7 55. Rh6 Rc7 56. a5 bxa5 57.
Rxa5 Rc2 58. Ra1 Ke2 59. Kg4 f3 60. Rf6 f2 61. h4 Rc4+ 62. Kg3 Rc5 63. h5 Rxh5 64.
Ra2+ Ke1 65. Ra1+ 1-0

[Event "*** SCC Grand Prix: Titled Tuesday Blitz"]
[Site "Chess.com"]
[Date "2020.08.04"]
[Round "7"]
[White "RaphCamora"]
[Black "BeanScreen"]
[Result "1/2-1/2"]
[WhiteElo "2458"]
[BlackElo "2717"]
[TimeControl "180+1"]
[EndTime "15:02:30 PDT"]
[Termination "Game drawn by repetition"]

1. Nf3 d5 2. g3 Nf6 3. Bg2 c6 4. O-O Bf5 5. d3 Nbd7 6. Nbd2 e5 7. Qe1 Bc5 8. e4 dxe4 9. dxe4 Bg4 10. h3 Bh5 11. Nc4 Qe7 12. a4 b5 13. axb5 cxb5 14. Ne3 Bxe3 15. Qxe3 O-O 16. Rxa7 Rxa7 17. Qxa7 Qe6 18. Qe3 Rc8 19. c3 Nc5 20. Nh4 Bg6 21. Nxg6 hxg6 22. Rd1 Qc4 23. f3 Nb3 24. Bf1 Qc6 25. Qd3 b4 26. c4 Nd4 27. Kg2 Nd7 28. Be3 Nc5 29. Qd2 Nxe4 30. fxe4 Qxe4+ 31. Kf2 Qf3+ 32. Kg1 Qxg3+ 33. Kh1 Qf3+ 34. Bg2 Qh5 35. Bxd4 exd4 36. Qxd4 Rxc4 37. Qxc4 Qxd1+ 38. Kh2 Qd6+ 39. Kg1 Qd2 40. b3 Qe1+ 41. Kh2 Qe5+ 42. Kh1 Qe1+ 43.
Bf1 Qd2 44. Qe4 Qd1 45. Kg2 Qxb3 46. Bc4 Qb2+ 47. Kg3 Qc3+ 48. Kg4 Qf6 49. Qe8+ Kh7 50. Bxf7 Qf5+ 51. Kg3 Qg5+ 52. Kf3 Qf5+ 53. Ke2 Qc2+ 54. Ke3 Qc3+ 55. Kf4 Qd4+ 56. Kf3 Qd3+ 57. Kf4 Qd4+ 58. Kg3 Qg1+ 59. Kf3 Qf1+ 60. Kg4 Qg2+ 61. Kf4 Qf2+ 62.
Kg4 Qg2+ 63. Kf4 Qf2+ 64. Kg4 Qg2+ 1/2-1/2

[Event "*** SCC Grand Prix: Titled Tuesday Blitz"]
[Site "Chess.com"]
[Date "2020.08.04"]
[Round "7"]
[White "Parhamov"]
[Black "ChessWarrior7197"]
[Result "1/2-1/2"]
[WhiteElo "3027"]
[BlackElo "2888"]
[TimeControl "180+1"]
[EndTime "15:02:32 PDT"]
[Termination "Game drawn - insufficient material"]

1. d4 d5 2. c4 e6 3. Nc3 c5 4. cxd5 exd5 5. Nf3 Nc6 6. Bg5 Qa5 7.
e3 c4 8. Be2 h6 9. Bh4 Be7 10.
O-O Bxh4 11. Nxh4 Nge7 12. a3 O-O 13. Qc2 b5 14. f4 Qb6 15. f5 Nxd4 16. exd4 Qxd4+ 17. Rf2 Qxh4 18. f6 gxf6 19. Raf1 f5 20. Qd2 d4 21. Nxb5 d3 22. Bf3 Rb8 23. Nc3 Be6 24. Qe3 Rb6 25. Qc5 Rc8 26. Qa5 Rcb8 27. Na4 Rd6 28. Qxa7 Rbd8 29. Nc3 Ng6 30. a4 Qd4 31.
Qxd4 Rxd4 32. a5 Ne5 33. Bb7 Nd7 34. Nb5 Rh4 35. a6 Nc5 36. Ra1 Nb3 37. Rd1 Nc5 38. Ra1 Bd7 39. Nd6 Rd4 40. Nxf5 Bxf5 41. Rxf5 d2 42. Rxc5 d1=Q+ 43. Rxd1 Rxd1+ 44. Kf2 R1d2+ 45. Kg3 Rxb2 46. Rxc4 Ra2 47. Kf4 Kg7 48. Ke5 Ra5+ 49. Ke4 Rd2 50. Ke3 Rd6 51. Rc2 Kf6 52. g3 Ke5 53.
Kf3 f5 54. Kg2 Kf6 55. Kh3 Rdxa6 56. Bxa6 Rxa6 57. Kh4 Kg6 58. Rc4 Re6 59. h3 h5 60.
g4 hxg4 61. hxg4 Re4 62. Rc6+ Kf7 63. Kg5 fxg4 64. Rf6+ Kg7 65. Rf4 Rxf4 66. Kxf4 g3 67. Kxg3 1/2-1/2

[Event "*** SCC Grand Prix: Titled Tuesday Blitz"]
[Site "Chess.com"]
[Date "2020.08.04"]
[Round "7"]
[White "hansen"]
[Black "BilodeauA"]
[Result "1-0"]
[WhiteElo "3014"]
[BlackElo "2888"]
[TimeControl "180+1"]
[EndTime "15:02:37 PDT"]
[Termination "hansen won on time"]

1. e4 e5 2. Nf3 Nc6 3. Bb5 a6 4. Ba4 d6 5. O-O Bd7 6. c3 Nge7 7. d4 Ng6 8. Be3 Be7 9. Nbd2 O-O 10. Re1 Bf6 11.
Rc1 b5 12. Bc2 Re8 13. a4 b4 14. Nc4 bxc3 15. bxc3 exd4 16. cxd4 Nb4 17. Rb1 Nxc2 18.
Qxc2 Rb8 19. Rxb8 Qxb8 20. Rb1 Qa8 21. d5 Rb8 22. Rc1 h6 23. h3 Rb4 24. a5 Qe8 25. Ncd2 Bd8 26. Qc3 Rb7 27. Bd4 Qf8 28. Nf1 Bb5 29. Ng3 c5 30. Be3 Bf6 31. Qd2 Qe8 32. Qe1 Re7 33. Nf5 Rd7 34. Bd2 Ne5 35.
Nxe5 Bxe5 36. Bc3 Bxc3 37. Qxc3 f6 38. f3 Kh7 39. Qd2 Qe5 40. Kf2 Rb7 41. Qc3 Qxc3 42. Rxc3 Rd7 43. h4 g6 44. Ne3 h5 45. g4 hxg4 46.
fxg4 Rb7 47. Kf3 Re7 48. Kf4 Kg7 49. Rc1 Bd3 50. Kf3 Bxe4+ 51. Kf2 Bd3 52. Rd1 Bb5 53. Re1 Rc7 54. Kf3 c4 55. Rc1 c3 56. Ke4 Re7+ 57. Kd4 Rc7 58. h5 gxh5 59. gxh5 Kh6 60. Nf5+ Kxh5 61.
Nxd6 Ba4 62. Rxc3 Rxc3 63. Kxc3 Kg5 64. Kd4 f5 65. Ke5 f4 66. Ne4+ Kg4 67. d6 f3 68. Kd4 Bc6 69. Ke3 Ba4 70. Kf2 Kf4 71. Nc5 1-0

[Event "*** SCC Grand Prix: Titled Tuesday Blitz"]
[Site "Chess.com"]
[Date "2020.08.04"]
[Round "7"]
[White "Fortitudine"]
[Black "XiaoKangZhong"]
[Result "0-1"]
[WhiteElo "2263"]
[BlackElo "2411"]
[TimeControl "180+1"]
[EndTime "15:02:44 PDT"]
[Termination "XiaoKangZhong won on time"]

1. c4 Nf6 2. g3 d5 3. cxd5 Nxd5 4. Bg2 g6 5. Nc3 Nb6 6. d3 Bg7 7.
Be3 O-O 8. Qd2 e5 9. Bh6 Nc6 10. h4 f6 11. Bxg7 Kxg7 12. h5 g5 13.
h6+ Kg8 14. Nf3 Nd4 15. e3 Ne6 16. O-O-O c5 17. Kb1 Nd5 18. Nxd5 Qxd5 19. Nh4 Qd7 20. Nf5 Rb8 21. Be4 Rf7 22. f4 b6 23. fxe5 fxe5 24. Rhf1 Bb7 25. Qg2 Rbf8 26. g4 Nd8 27. Rfe1 Re8 28.
Bxb7 Nxb7 29. Qe4 Nd6 30. Nxd6 Qxd6 31. Rf1 Qxh6 32. Rxf7 Kxf7 33. Rh1 Qg6 34. Rxh7+ Kf6 35. Qc6+ Re6 36. Qd7 e4 37. d4 cxd4 38. Qxd4+ Re5 39. Qd6+ Re6 40. Qf8+ Ke5 41. Qh8+ Qf6 42. Qxf6+ Rxf6 43. Rxa7 Rf1+ 44. Kc2 Rf2+ 45. Kc3 Re2 46. Re7+ Kd5 47.
Rg7 Rxe3+ 48. Kd2 Rd3+ 49. Ke2 Rg3 50. Rxg5+ Kd4 51. Rg6 Rg2+ 52. Kd1 Rxb2 53. g5 Kd3 54. Rd6+ Ke3 55. g6 Rxa2 56. Rxb6 Ra1+ 57. Kc2 Rg1 58. Rf6 Ke2 59. Kc3 e3 60. Kd4 Rg4+ 61. Kc3 Ke1 0-1

[Event "*** SCC Grand Prix: Titled Tuesday Blitz"]
[Site "Chess.com"]
[Date "2020.08.04"]
[Round "7"]
[White "ahachess"]
[Black "SamuelGhimpu2003"]
[Result "1/2-1/2"]
[WhiteElo "2298"]
[BlackElo "2558"]
[TimeControl "180+1"]
[EndTime "15:02:52 PDT"]
[Termination "Game drawn by agreement"]

1. d4 Nf6 2. c4 g6 3. Nc3 d5 4. cxd5 Nxd5 5. e4 Nxc3 6. bxc3 Bg7 7. Nf3 c5 8. Rb1 O-O 9. Be2 cxd4 10. cxd4 Qa5+ 11.
Qd2 Qxd2+ 12. Bxd2 Rd8 13. Bc3 Nc6 14. Rd1 Bg4 15. e5 Rac8 16. Ba1 Nb4 17. O-O Nxa2 18. h3 Bf5 19. g4 Be4 20. Ng5 Bd5 21. Bf3 Bxf3 22. Nxf3 Nc3 23. Rd2 b5 24. Kg2 b4 25.
Bxc3 Rxc3 26. Rb1 Rb8 27. Ra2 b3 28. Rxa7 f6 29. Ra3 Bh6 30. g5 Bxg5 31. Nxg5 fxg5 32. d5 Kf7 33. Ra7 b2 34. d6 Rc1 35. Rxe7+ Kf8 36.
Rxb2 Rxb2 37. Rxh7 Rd2 38. Rh8+ Kf7 39. Rh7+ Kg8 40.
Re7 Re1 41. d7 Ree2 42. Re8+ Kf7 43. d8=Q Rxd8 44. Rxd8 Rxe5 45. Rd7+ Kf6 46. Rd6+ Kg7 47. Rd7+ Kh6 48. Rd6 Re4 49. Rd7 Ra4 50. Rd6 g4 51.
hxg4 Rxg4+ 52. Kh3 Ra4 53. Kg3 Kh5 54. f3 Ra1 55.
Rd5+ g5 56. Rd8 Rg1+ 57. Kf2 Ra1 58. Kg3 Kg6 59. Rd6+ Kf5 60. Rd5+ Kg6 61. Rd6+ Kh5 62. Rd5 Ra3 63. Kg2 Kh4 64. Rd4+ Kh5 65. Kg3 Rb3 1/2-1/2

[Event "*** SCC Grand Prix: Titled Tuesday Blitz"]
[Site "Chess.com"]
[Date "2020.08.04"]
[Round "7"]
[White "afgano29"]
[Black "Lucas_Tomiello"]
[Result "1-0"]
[WhiteElo "2645"]
[BlackElo "2459"]
[TimeControl "180+1"]
[EndTime "15:02:56 PDT"]
[Termination "afgano29 won by resignation"]

1. d4 Nf6 2. c4 g6 3. Nc3 d5 4. Nf3 Bg7 5. cxd5 Nxd5 6. Bg5 Nxc3 7. bxc3 O-O 8. e3 h6 9. Bh4 c5 10. Be2 Nc6 11. O-O cxd4 12. cxd4 b6 13. Nd2 Bb7 14.
Bf3 Na5 15. Bxb7 Nxb7 16. Qa4 Nd6 17. Bg3 Nf5 18. Rac1 Nxg3 19. hxg3 e5 20. Nf3 exd4 21. Rfd1 Qe8 22. Qxe8 Rfxe8 23. Nxd4 Rec8 24. Nc6 Rc7 25. Rc2 Kh7 26. Kf1 Rac8 27. Rdc1 Bb2 28. Rxb2 Rxc6 29. Rxc6 Rxc6 30. Ke2 Kg7 31. Rd2 Kf6 32. f4 Ke6 33. e4 a5 34. e5 Kf5 35. Kf2 Ke4 36. Kg1 b5 37. Rd7 f6 38. exf6 Rxf6 39. Rb7 Rf5 40. Rb6 Rc5 41. Rxg6 Rc2 42. a3 Kd4 43. Rxh6 Ra2 44. f5 Rxa3 45. f6 Ra1+ 46. Kf2 Ra2+ 47. Kf3 Ra1 48. Rh4+ Ke5 49. Rh5+ Kxf6 50.
Rxb5 a4 51. Kg4 a3 52. Ra5 Kg6 53. Ra6+ Kg7 54. Kg5 Rg1 55. Rxa3 Rxg2 56. g4 Rd2 57. Ra7+ Kf8 58. Kh6 Rh2+ 59. Kg6 Rc2 60. g5 Rc8 61. Kh7 Rc1 62. Ra8+ Ke7 63. g6 Rh1+ 64. Kg7 Ke6 65. Ra6+ Ke7 66. Ra2 Rh5 67. Re2+ Kd8 68. Kf7 Rf5+ 69.
Kg8 Rg5 70. g7 Kd7 71. Re4 Rh5 72. Kf7 Rf5+ 73. Kg6 Rf1 74. g8=Q 1-0

[Event "*** SCC Grand Prix: Titled Tuesday Blitz"]
[Site "Chess.com"]
[Date "2020.08.04"]
[Round "7"]
[White "Carnivoras"]
[Black "Sam_ChessMood"]
[Result "1-0"]
[WhiteElo "2642"]
[BlackElo "2793"]
[TimeControl "180+1"]
[EndTime "15:02:58 PDT"]
[Termination "Carnivoras won on time"]

1. d4 Nf6 2. Nf3 d5 3. Bg5 e6 4. Nbd2 Be7 5. e3 h6 6. Bh4 Nbd7 7. Bd3 b6 8. O-O Bb7 9. Qe2 Ne4 10. Bxe7 Qxe7 11. Ba6 Bxa6 12. Qxa6 Nxd2 13. Nxd2 O-O 14. c4 c5 15. Nf3 Rfc8 16. cxd5 exd5 17. dxc5 bxc5 18.
Rfd1 Nf6 19. h3 Rab8 20. b3 Qb7 21. Qxb7 Rxb7 22. Rac1 Kf8 23. Rc2 Ke7 24. Ne5 Rbc7 25. Rdc1 Kd6 26. Nf3 a5 27. Kf1 Nd7 28. Ke2 Nb6 29.
Nd2 a4 30. e4 axb3 31. axb3 d4 32. Kd3 g5 33. g3 Nd7 34. Nc4+ Ke6 35. Ra2 Rb8 36. Ra6+ Ke7 37. Rb1 h5 38. Rh6 Rb5 39.
Rxh5 Rcb7 40. Kc2 Ra7 41. Rxg5 Ra2+ 42. Rb2 Ra1 43. Rf5 Re1 44. Kd3 Rd1+ 45. Ke2 Rc1 46. Ne5 Nxe5 47. Rxe5+ Kd6 48. Rd5+ Kc6 49. h4 Rc3 50. b4 Rxb4 51. Rxb4 cxb4 52. Rxd4 Kb5 53.
Rd7 Rc6 54. Rxf7 Kc4 55. h5 Kc3 56. Rb7 b3 57. g4 Rc4 58. f3 Rb4 59. Rc7+ Kd4 60.
Rc1 b2 61. Rb1 Ke5 62. h6 Kf6 63. g5+ Kxg5 64. h7 Rb8 65. Ke3 Rh8 66. Rxb2 Rxh7 67. Rb5+ Kh4 68. Rf5 Kg3 69. Rg5+ Kh4 70. Rg4+ Kh3 71.
e5 Ra7 72. Kf4 Ra3 73. Ke4 Ra4+ 74. Kf5 Ra8 75. Rg6 Ra3 76. f4 Kh4 77. e6 Kh5 78.
Kf6 Ra8 79. Rg7 Kh6 80. f5 1-0

[Event "*** SCC Grand Prix: Titled Tuesday Blitz"]
[Site "Chess.com"]
[Date "2020.08.04"]
[Round "7"]
[White "penguingm1"]
[Black "Andreikka"]
[Result "1-0"]
[WhiteElo "2958"]
[BlackElo "2848"]
[TimeControl "180+1"]
[EndTime "15:03:02 PDT"]
[Termination "penguingm1 won on time"]

1. d4 Nf6 2. c4 e6 3. Nc3 Bb4 4. Qc2 O-O 5. Nf3 c5 6. dxc5 Na6 7. g3 Nxc5 8. Bg2 Nce4 9. O-O Nxc3 10. bxc3 Be7 11.
e4 d6 12. e5 dxe5 13. Nxe5 Qc7 14. Qe2 Nd7 15. Bf4 Nxe5 16. Bxe5 Bd6 17. Rfe1 Rb8 18. Rad1 Bxe5 19. Qxe5 Qxe5 20. Rxe5 b6 21. c5 Ba6 22. c6 Rfd8 23. Ree1 Rbc8 24. c7 Rf8 25. Rd7 Bb5 26. Red1 Bxd7 27. Rxd7 g5 28. g4 Kg7 29. Bb7 Rce8 30. Kg2 Kf6 31. Kg3 Ke5 32. f3 h6 33. h3 f5 34. Rh7 Kd6 35. gxf5 exf5 36.
h4 g4 37. fxg4 fxg4 38. c8=Q Rxc8 39. Bxc8 Rxc8 40. Kxg4 Rxc3 41. Rxa7 Ke6 42. Rh7 Ra3 43. Rxh6+ Kf7 44. Rxb6 Rxa2 45. Kg5 Kg7 46. Rb7+ Kg8 47. Rb6 Rg2+ 48. Kh6 Rh2 49. h5 Kf7 50. Rg6 Rh1 51.
Rg5 Rh2 52. Kh7 Rh1 53. h6 Rh2 54. Rg7+ Kf8 55. Rg6 Kf7 56. Ra6 Rh1 57. Ra7+ Kf8 58. Ra5 Kf7 59. Rf5+ Ke7 60. Kg7 Rg1+ 61. Kh8 Rg6 62.
Kh7 Rg1 63. Rf2 Rg3 64. Kh8 Rg1 65. h7 Rg4 66. Rf3 Rg2 67. Ra3 Kf7 68. Ra7+ Kf8 69. Ra8+ Kf7 70. Rg8 Rh2 71. Rg3 Rh1 72. Rf3+ Ke7 73.
Rf4 Rg1 74. Re4+ Kf7 75. Ra4 Kf8 76. Ra8+ Kf7 77. Rg8 Rh1 78. Rg4 Kf8 79. Rf4+ Ke7 80. Kg7 Rg1+ 81. Kh6 Rh1+ 82. Kg6 Rg1+ 83. Kh5 Rh1+ 84.
Rh4 1-0

[Event "*** SCC Grand Prix: Titled Tuesday Blitz"]
[Site "Chess.com"]
[Date "2020.08.04"]
[Round "7"]
[White "Anton_Demchenko"]
[Black "Zubrrr"]
[Result "1/2-1/2"]
[WhiteElo "2826"]
[BlackElo "2646"]
[TimeControl "180+1"]
[EndTime "15:03:07 PDT"]
[Termination "Game drawn by repetition"]

1. e4 c5 2. Nf3 d6 3. Nc3 Nf6 4. g3 g6 5. Bg2 Bg7 6. d4 cxd4 7.
Nxd4 O-O 8. O-O Nc6 9. Nde2 Bd7 10. a4 Rc8 11. h3 Nb4 12. Be3 a5 13. Nd4 Ne8 14.
Re1 Nc7 15. Qd2 Ne6 16. Nde2 Nc5 17. Rec1 Qe8 18. b3 f5 19. exf5 Bxf5 20. Bd4 Qf7 21. Bxg7 Qxg7 22. Nd5 Nxc2 23. Rab1 Nb4 24. Nxb4 Bxb1 25.
Rxb1 axb4 26. Qxb4 Kh8 27. Qd2 g5 28. a5 Qg6 29. Rd1 Qf6 30. Qe3 Nxb3 31. Bxb7 Nxa5 32.
Bxc8 Rxc8 33. Qe4 Nc4 34. Rc1 Nb6 35. Rxc8+ Nxc8 36. Qa8 Qf8 37. Nd4 e5 38. Ne6 Qg8 39.
Nxg5 Qxg5 40. Qxc8+ Qg8 41. Qd7 Qf8 42. h4 Qf6 43. h5 h6 44. Kg2 Kg8 45. Qc8+ Kf7 46. Qd7+ Kf8 47. Qc8+ Kf7 48. Qc7+ Ke6 49. Qh7 d5 50.
Qg8+ Kd6 51. Qb8+ Ke6 52. Qb6+ Kf5 53. Qb1+ e4 54. Qd1 Ke6 55. Qa4 Qf3+ 56. Kg1 Qxh5 57. Qc6+ Ke5 58. Qc7+ Kd4 59. Qb6+ Kd3 60. Qb3+ Kd4 61.
Qb6+ Ke5 62. Qc7+ Ke6 63. Qc8+ Kf6 64. Qd8+ Kg7 65. Qd7+ Qf7 66. Qd6 Kh7 67. Kg2 Qf3+ 68. Kg1 Qf5 69. Qe7+ Kg6 70. Qd6+ Kg5 71. Kg2 Qf3+ 72.
Kg1 Qd1+ 73. Kg2 Qf3+ 74. Kg1 Qf7 75. Qe5+ Kg6 76. Qd6+ Kg7 77. Qe5+ Kh7 78. Qd6 Qf5 79. Qe7+ Kg6 80. Qd6+ Kg7 81. Qe7+ Kg6 1/2-1/2

[Event "*** SCC Grand Prix: Titled Tuesday Blitz"]
[Site "Chess.com"]
[Date "2020.08.04"]
[Round "7"]
[White "VladaSviridova"]
[Black "Sanyura"]
[Result "1-0"]
[WhiteElo "2194"]
[BlackElo "2386"]
[TimeControl "180+1"]
[EndTime "15:03:11 PDT"]
[Termination "VladaSviridova won by checkmate"]

1. d4 Nf6 2. c4 c5 3. d5 b5 4. cxb5 a6 5. bxa6 e6 6. Nc3 exd5 7. Nxd5 Be7 8. Nf3 O-O 9. g3 Rxa6 10. Bg2 Nxd5 11.
Qxd5 Rd6 12. Qf5 Ba6 13. O-O Bxe2 14. Re1 Bd3 15. Qxc5 Nc6 16. Bf4 Re6 17. Qc3 Rxe1+ 18. Nxe1 Bf5 19. Bxc6 d6 20. Bg2 Bf6 21. Qd2 Re8 22.
Nf3 h6 23. h4 Qb6 24. Be3 Qb8 25. Rd1 Be4 26. b3 Qa8 27. Ne1 Bxg2 28. Nxg2 d5 29. a4 d4 30. Bxd4 Rd8 31. Qf4 Qd5 32. Ne3 Qxb3 33.
Bxf6 Rxd1+ 34. Nxd1 Qxd1+ 35. Kg2 Qd5+ 36. Qf3 Qa5 37.
Be7 Qxa4 38. Bd6 Qd7 39. Bf4 Qe8 40. h5 Qb5 41. Qe3 Qa4 42. Qe7 Qc6+ 43. f3 Qc2+ 44. Kh3 Qf5+ 45. Kg2 Qxh5 46. Qe8+ Kh7 47. Qe4+ Kg8 48.
g4 Qb5 49. Kg3 Qb6 50. Be5 Qg1+ 51. Kh3 Qh1+ 52. Bh2 Qf1+ 53. Kg3 Qb5 54. Qe3 Qb1 55. Qe8+ Kh7 56. Qe4+ Qxe4 57. fxe4 g6 58. Kf4 Kg7 59. Bg3 Kf6 60. Be1 Ke6 61. Bc3 f6 62. Bb2 Ke7 63. Ba3+ Ke6 64. Bf8 h5 65. gxh5 gxh5 66. Bc5 h4 67.
Bf2 h3 68. Bg3 Ke7 69. Bh2 Ke6 70. Kf3 f5 71. e5 Kd5 72. Kf4 Ke6 73. Kg5 Kd5 74.
Kxf5 Kd4 75. Kg4 Ke3 76. Kxh3 Ke4 77. e6 Kf5 78. e7 Kg5 79. e8=Q Kf5 80. Qe7 Kg6 81.
Qe6+ Kh5 82. Qg4+ Kh6 83. Bf4+ Kh7 84. Be5 Kh6 85. Qg7+ Kh5 86. Qg4+ Kh6 87. Bf6 Kh7 88. Qg7# 1-0

[Event "*** SCC Grand Prix: Titled Tuesday Blitz"]
[Site "Chess.com"]
[Date "2020.08.04"]
[Round "7"]
[White "Koalaskakistis"]
[Black "diablanni"]
[Result "1-0"]
[WhiteElo "2511"]
[BlackElo "2325"]
[TimeControl "180+1"]
[EndTime "15:03:17 PDT"]
[Termination "Koalaskakistis won on time"]

1. d4 Nf6 2. c4 c5 3. d5 b5 4.
cxb5 a6 5. b6 e6 6. Nc3 Nxd5 7.
Nxd5 exd5 8. Qxd5 Nc6 9. g3 Be7 10. Bg2 O-O 11. Nf3 Rb8 12. O-O Qxb6 13. Bf4 d6 14. b3 Be6 15. Qd2 Rbd8 16. Rac1 a5 17. Ng5 Bf5 18. Rfd1 Nd4 19. Bd5 h6 20. Nf3 Bf6 21. Nxd4 Bxd4 22. e3 Bf6 23. e4 Bg4 24.
Re1 Rfe8 25. Kg2 Be6 26. Rcd1 Bd4 27. Bxe6 fxe6 28. Be3 e5 29. Bxd4 cxd4 30. Rc1 Rc8 31. Qd3 Qb4 32. Qa6 Rc3 33. Rxc3 dxc3 34. Qc6 Re6 35.
Rc1 Rf6 36. Rxc3 Qd4 37. Rc2 Qd3 38. Qc4+ Qxc4 39. Rxc4 Rf7 40. Rc6 Rd7 41. Ra6 d5 42.
Rxa5 dxe4 43. Rxe5 Rd2 44. Rxe4 Rxa2 45. Rb4 Rb2 46.
Rb7 Kh7 47. b4 Kg6 48. h4 h5 49. b5 Kf6 50. b6 Kg6 51. Rb8 Kf6 52. b7 Kg6 53. Kf1 Rb6 54. Ke2 Rb2+ 55. Kd3 Rb3+ 56. Kd4 Rb1 57. f3 Rd1+ 58. Ke3 Re1+ 59. Kf2 Rb1 60. g4 hxg4 61. fxg4 Rb2+ 62. Ke3 Rb3+ 63. Kd4 Rb1 64. Kc3 Rb6 65. h5+ Kh7 66. g5 g6 67.
h6 Rb3+ 68. Kc4 Rc3+ 69. Kd4 Rc4+ 70. Ke5 Re4+ 71. Kd6 Re6+ 72. Kc7 Rc6+ 73. Kd8 Rd6+ 74. Ke8 Re6+ 75. Kf8 Rb6 76. Re8 Rxb7 77. Re7+ Rxe7 78. Kxe7 Kh8 79. Kf6 Kh7 80. Kf7 Kh8 81. Kxg6 1-0

[Event "*** SCC Grand Prix: Titled Tuesday Blitz"]
[Site "Chess.com"]
[Date "2020.08.04"]
[Round "7"]
[White "The_Machine04"]
[Black "boasovietica"]
[Result "0-1"]
[WhiteElo "2247"]
[BlackElo "2408"]
[TimeControl "180+1"]
[EndTime "15:03:17 PDT"]
[Termination "boasovietica won on time"]

1. d4 Nf6 2. Bg5 e6 3. Nd2 c5 4. e3 b6 5. Ngf3 Bb7 6. Bd3 d5 7. c3 Nbd7 8. Ne5 Qc7 9. f4 Be7 10. Bb5 Kf8 11. Nxd7+ Nxd7 12. Bxe7+ Kxe7 13. O-O Nf6 14.
Bd3 Rhe8 15. Qf3 Rad8 16. Rae1 Kd7 17. a4 a6 18. Rc1 c4 19. Bc2 b5 20. axb5 axb5 21.
Ra1 Kc6 22. Qg3 g6 23. Nf3 Nd7 24. Ne5+ Nxe5 25. fxe5 Kb6 26. Qf4 Re7 27. Qf6 h5 28. h4 Ra8 29. Rxa8 Bxa8 30. Ra1 Bc6 31. b4 cxb3 32. Bxb3 Be8 33. Rc1 Rd7 34. Bd1 Qd8 35. Qf2 Rc7 36. g3 Qe7 37. Qb2 Ra7 38. Be2 Qa3 39.
Qd2 Qa2 40. Rc2 Qa3 41. Kf2 Qa1 42. Rc1 Qa5 43. Rb1 Rc7 44. Rb3 Qa4 45. Qb2 Ra7 46. Rb4 Qa5 47. Rb3 Bc6 48. Rb4 Rb7 49. Ke1 Kc7 50. Kd2 Ra7 51. Rb3 Qa1 52. Qxa1 Rxa1 53. Bxb5 Rg1 54. Bxc6 Kxc6 55. Rb8 Rxg3 56. Rf8 Rf3 57. Ke2 Rf5 58. e4 dxe4 59. Ke3 Kd7 60. Kxe4 Ke7 61. Ra8 Rf1 62. Ra7+ Kf8 63. Ra8+ Kg7 64. c4 Rh1 65. c5 Rxh4+ 66. Kd3 Rh1 67. c6 Rc1 68. Rc8 h4 69. Kd2 Rc4 70. Ke3 h3 71.
Kf3 Rc2 72. Ra8 h2 73. Ra1 Rxc6 74. Rh1 Rc3+ 75. Kg4 Rd3 76. Rxh2 Rxd4+ 77. Kf3 Rd3+ 78.
Ke4 Rg3 79. Rf2 Rg4+ 80. Kf3 Rg5 81. Ke4 Rf5 82. Rg2 g5 83. Rh2 Kg6 84. Rg2 Rf4+ 85. Ke3 Kf5 86. Rh2 Kxe5 87. Rg2 f6 88. Rh2 Ra4 0-1

[Event "*** SCC Grand Prix: Titled Tuesday Blitz"]
[Site "Chess.com"]
[Date "2020.08.04"]
[Round "7"]
[White "NotFischer"]
[Black "DryCounty"]
[Result "1/2-1/2"]
[WhiteElo "2209"]
[BlackElo "2591"]
[TimeControl "180+1"]
[EndTime "15:03:20 PDT"]
[Termination "Game drawn - insufficient material"]

1. e4 e5 2. Bc4 Nf6 3. d3 c6 4. Nf3 d5 5. Bb3 Bb4+ 6. c3 Bd6 7. O-O dxe4 8. dxe4 O-O 9. Qe2 Na6 10. Bg5 h6 11. Bh4 Nc5 12. Bc2 Ne6 13. Bg3 Qc7 14. Rd1 Nh5 15.
Nbd2 Nef4 16. Bxf4 Nxf4 17. Qe3 b5 18. a4 Bg4 19.
axb5 cxb5 20. Nb3 a6 21. Rd2 Rfd8 22. Bd1 Be6 23. Na5 Bc5 24. Qe1 Nd3 25. Qf1 Nxf2 26.
Rxf2 Bxf2+ 27. Qxf2 Rxd1+ 28. Rxd1 Qxa5 29. Nxe5 Qc7 30. Qd4 Re8 31. Rd2 Bc8 32. Nf3 Bb7 33. Qd7 Qxd7 34.
Rxd7 Bxe4 35. Nd4 Re5 36. Kf2 Rg5 37. g3 Bd5 38. h4 Re5 39. Rd8+ Kh7 40. Rd6 f6 41.
Ne2 Bc4 42. Nf4 g5 43. hxg5 hxg5 44. Nh5 Kg6 45. g4 Re6 46. Rd7 Kh6 47. Kg3 f5 48.
Ng7 Re3+ 49. Kf2 f4 50. Nf5+ Kg6 51. Nxe3 fxe3+ 52. Kxe3 Be6 53. Rd6 Kf7 54. Rxa6 Bxg4 55. Rb6 Bd7 56. Kf3 Ke7 57. Kg3 g4 58. b3 Kd8 59. c4 bxc4 60. bxc4 Kc7 61. Rg6 Kd8 62.
Kf4 Kc7 63. Ke5 Kd8 64. Kd6 Ke8 65. Rg8+ Kf7 66. Rg5 Bc8 67. c5 Kf6 68. Rg8 Bf5 69. c6 Be6 70. Rf8+ Kg7 71. Rf1 Bc8 72. Kc7 Be6 73. Kd8 Kg6 74. Rf8 Kg5 75. c7 g3 76. Rg8+ Kf4 77. c8=Q Bxc8 78. Kxc8 Kf3 79. Rf8+ Kg2 80. Kd7 Kh2 81. Rh8+ Kg2 82. Ke6 Kf2 83. Rf8+ Ke2 84. Rg8 Kf2 85. Kf5 g2 86. Ke4 g1=Q 87. Rxg1 Kxg1 1/2-1/2